 Dungeon Crawl Stone Soup version 0.23.1 (webtiles) character file.

Game seed: 10899645478236802406

11262 Borgoz the Slicer (level 11, 0/89 HPs)
             Began as a Ghoul Enchanter on Mar 9, 2019.
             Was a Believer of Ashenzari.
             Slain by a yak (4 damage)
             ... on level 11 of the Dungeon.
             The game lasted 00:21:50 (12611 turns).

Borgoz the Slicer (Ghoul Enchanter)                Turns: 12611, Time: 00:21:51

Health: 0/89       AC: 13    Str: 17    XL:     11   Next: 75%
Magic:  16/16      EV: 14    Int: 10    God:    Ashenzari [**....]
Gold:   517        SH:  0    Dex: 12    Spells: 13/19 levels left

rFire    . . .     SeeInvis .   a - +4 dagger (elec)
rCold    + . .     Gourm    .   (no shield)
rNeg     + + +     Faith    .   q - +1 ring mail of Ponys {Str+4} (curse)
rPois    ∞         Spirit   .   r - +0 helmet
rElec    .         Reflect  .   z - +0 cloak
rCorr    +         Harm     .   (no gloves)
MR       .....                  (no boots)
Stlth    +.........             w - amulet of regeneration
HPRegen  0.00/turn              K - ring of resist corrosion
MPRegen  0.15/turn              O - ring of Jelezaze {rPois rN+ AC+3}

@: confused, rotting
A: rotting body, claws 1, carnivore, cold resistance 1, negative energy
resistance 3, inhibited regeneration, torment resistance, unbreathing
a: Curse Item, Scrying, Renounce Religion


You were on level 11 of the Dungeon.
You worshipped Ashenzari.
Ashenzari was pleased with you.
You were not hungry.

You visited 2 branches of the dungeon, and saw 12 of its levels.
You also visited: Ossuary.

You collected 629 gold pieces.
You spent 112 gold pieces at shops.

Inventory:

Hand Weapons
 a - a +4 dagger of electrocution (weapon)
 b - a +2 dagger of venom
 e - a +2 dagger of distortion
 p - a +2 quarterstaff of chaos
 t - a +2 dagger of flaming
 C - a cursed +0 blowgun
Missiles
 i - 32 poisoned needles
 j - 7 curare-tipped needles
 J - 3 tomahawks (quivered)
Armour
 q - the cursed +1 ring mail of Ponys (worn) {Str+4}
   (You found it on level 6 of the Dungeon)

   It affects your strength (+4).
   It has a curse placed upon it.
 r - a +0 helmet (worn)
 z - a +0 cloak (worn)
 A - the +1 robe of Piyth {+Fly Str+2}
   (You found it on level 7 of the Dungeon)

   It affects your strength (+2).
   It lets you fly.
 E - a +2 chain mail of magic resistance
Jewellery
 o - an uncursed ring of flight
 w - an amulet of regeneration (around neck)
 K - a ring of resist corrosion (left claw)
 O - the ring of Jelezaze (right claw) {rPois rN+ AC+3}
   (You found it on level 10 of the Dungeon)

   [ring of protection]

   It affects your AC (+3).
   It protects you from poison.
   It protects you from negative energy.
Wands
 c - a wand of paralysis (2)
 k - a wand of acid (12)
 G - a wand of enslavement (11)
 N - a wand of polymorph (10)
 Q - a wand of iceblast (9)
Scrolls
 f - 2 scrolls of magic mapping
 h - 3 scrolls of enchant armour
 l - 13 scrolls of teleportation
 n - a scroll of fear
 s - 8 scrolls of remove curse
 v - a scroll of summoning
 y - 3 scrolls of blinking
 H - 2 scrolls of enchant weapon
 L - a scroll of immolation
Potions
 g - a potion of magic
 m - 4 potions of curing
 u - a potion of cancellation
 x - 6 potions of resistance
 B - a potion of flight
 D - 2 potions of brilliance
 F - a potion of invisibility
Comestibles
 d - 21 rations
 M - 5 chunks of flesh


   Skills:
 - Level 6.0 Fighting
 * Level 8.8 Short Blades
 + Level 7.6 Armour
 + Level 6.5 Dodging
 + Level 8.4 Stealth
 + Level 4.5 Spellcasting
 + Level 5.2 Hexes


You had 13 spell levels left.
You knew the following spells:

 Your Spells              Type           Power        Failure   Level  Hunger
a - Corona                Hex            ##.....      4%          1    #......
b - Ensorcelled Hibernat  Hex/Ice        #.....       21%         2    ##.....
c - Confuse               Hex            ##......     14%         3    ###....

Your spell library contained the following spells:

 Spells                   Type           Power        Failure   Level  Hunger
 Slow                     Hex            ##......     7%          2    ##.....
 Tukima's Dance           Hex            ##......     14%         3    ###....
 Freeze                   Ice            #...         38%         1    #......
 Dazzling Spray           Conj/Hex       #.....       38%         3    ###....
 Inner Flame              Hex/Fire       #.......     38%         3    ###....
 Portal Projectile        Hex/Tloc       #.....       38%         3    ###....
 Cause Fear               Hex            ##........   43%         4    #####..
 Throw Frost              Conj/Ice       #.....       52%         2    ##.....
 Ozocubu's Armour         Chrm/Ice       #.......     77%         3    ###....
 Leda's Liquefaction      Hex/Erth       #.........   80%         4    #####..
 Summon Ice Beast         Ice/Summ       #.......     99%         4    #####..
 Throw Icicle             Conj/Ice       #.......     99%         4    #####..


Dungeon Overview and Level Annotations

Branches:
Dungeon (11/15)            Temple (1/1) D:4            Lair (0/6) D:8
    Orc (0/2) D:10

Altars:
Ashenzari
Cheibriados
Dithmenos
Elyvilon
Fedhas
Gozag
Hepliaklqana
Kikubaaqudgha
Makhleb
Nemelex Xobeh
Okawaru
Qazlal
Ru
Sif Muna
Trog
Uskayaw
Vehumet
Wu Jian
Xom
Yredelemnul
Zin
The Shining One

Shops:
D:4 *


Innate Abilities, Weirdness & Mutations

Your body is rotting away.
You thrive on raw meat.
You are immune to poison.
You have sharp fingernails.
You are carnivorous and can eat meat at any time.
Your flesh is cold resistant. (rC+)
You are immune to negative energy. (rN+++)
You do not regenerate when monsters are visible.
You are immune to unholy pain and torment.
You can survive without breathing.


Message History

* * * LOW HITPOINT WARNING * * *
You puncture the yak!
The yak is severely wounded.
The yak gores you but does no damage.
You closely miss the yak.
The yak is severely wounded.
The yak gores you.
* * * LOW HITPOINT WARNING * * *
You barely miss the yak.
The yak is severely wounded.
The yak gores you!
* * * LOW HITPOINT WARNING * * *
You are confused.
You feel invigorated. The yak gores you.
* * * LOW HITPOINT WARNING * * *
The yak barely misses you.
You bump into the rock wall.
The yak closely misses you. The yak gores you!
* * * LOW HITPOINT WARNING * * *
You're too confused to move!
The yak barely misses you. The yak gores you.
You die...

.....#.........#........
, ,
.....#.........#......#*
* ,
.....#....#....#......#
##'###....#....#...†..#,
.....#....#....#......# ,
.....#....#....#......#,,
, >
.....######....##'#####*
* ,,
...............#Y...# ,
...............#@Y..# , ,
, ######....##'###....# ,
, ,#.........).)..#, ,, *
, #...........)..# ,
,#..............#, , , ,
#..............#, ,
#..............# ***
*################ **


You could see 2 yaks.

Vanquished Creatures
  A centaur warrior (D:9)
  2 two-headed ogres (D:9)
  Pikel (D:8)
  A cyclops (D:9)
  An elephant (D:8)
  A gargoyle (D:10)
  A kobold demonologist (D:10)
  Grinder (D:4)
  A hornet (D:9)
  2 hippogriffs
  15 yaks
  A spriggan (D:7)
  2 wyverns
  A basilisk (D:8)
  A hungry ghost (D:7)
  Edmund (D:5)
  A warg (D:10)
  4 orc warriors (D:10)
  A sky beast (D:6)
  2 slaves
  A black bear (D:7)
  A phantom (D:7)
  A necrophage (D:9)
  4 ogres
  3 centaurs
  A crocodile (D:8)
  2 big kobolds
  4 bullfrogs
  2 elf skeletons (D:6)
  5 scorpions
  3 wights (D:11)
  2 howler monkeys
  2 crimson imps (D:5)
  Crazy Yiuf (D:5)
  5 hounds
  A quasit (D:8)
  A bullfrog zombie (D:9)
  3 jellies
  A gnoll shaman (D:5)
  4 human zombies
  6 orc priests
  6 orc wizards
  2 bullfrog skeletons
  Jessica (D:2)
  2 iguanas (D:8)
  A human skeleton (D:6)
  7 worker ants
  2 hound zombies (Ossuary)
  A hound skeleton (D:5)
  4 mummies (Ossuary)
  2 worker ant zombies
  10 gnolls
  7 adders
  4 shadow imps
  2 oozes
  3 adder skeletons
  An adder zombie (Ossuary)
  3 worms (D:2)
  5 leopard geckos
  18 orcs
  3 bats
  4 giant cockroaches
  A goblin (D:3)
  5 hobgoblins
  11 jackals
  A quokka (D:10)
  4 ball pythons
  4 frilled lizards
  A gnoll zombie (Ossuary)
  A goblin zombie (Ossuary)
  A hobgoblin zombie (Ossuary)
  A jackal zombie (Ossuary)
  9 kobolds
  2 orc skeletons (D:6)
  2 orc zombies (Ossuary)
  4 rats
229 creatures vanquished.

Vanquished Creatures (others)
  A slave (D:8)
  An orc priest (D:4)
2 creatures vanquished.

Grand Total: 231 creatures vanquished

Notes
Turn   | Place    | Note
-------+----------+-------------------------------------------
     0 | D:1      | Borgoz the Ghoul Enchanter began the quest for the Orb.
     0 | D:1      | Reached XP level 1. HP: 14/14 MP: 2/2
   564 | D:1      | Reached XP level 2. HP: 8/20 MP: 3/3
   970 | D:2      | Reached skill level 1 in Short Blades
   970 | D:2      | Reached XP level 3. HP: 21/27 MP: 4/4
  1145 | D:2      | Reached skill level 1 in Armour
  1146 | D:2      | Noticed Jessica
  1154 | D:2      | Killed Jessica
  1154 | D:2      | Reached XP level 4. HP: 20/34 MP: 5/5
  1610 | D:3      | Found a sparkling altar of Nemelex Xobeh.
  1752 | D:3      | Learned a level 2 spell: Ensorcelled Hibernation
  1756 | D:3      | Learned a level 3 spell: Confuse
  2186 | D:4      | Reached skill level 1 in Fighting
  2186 | D:4      | Reached XP level 5. HP: 26/40 MP: 7/7
  2386 | D:4      | Reached XP level 6. HP: 48/48 MP: 8/8
  2429 | D:4      | Found a staircase to the Ecumenical Temple.
  2438 | Temple   | Entered the Ecumenical Temple
  2819 | Temple   | Became a worshipper of Ashenzari the Shackled
  2844 | D:4      | Noticed Grinder
  2856 | D:4      | Killed Grinder
  2856 | D:4      | Reached XP level 7. HP: 35/51 MP: 9/9
  3558 | D:5      | Entered Level 5 of the Dungeon
  3920 | D:4      | Reached XP level 8. HP: 56/62 MP: 10/10
  3952 | D:4      | Found Urchau's Assorted Antiques.
  3960 | D:4      | Bought a scroll of identify for 56 gold pieces
  3960 | D:4      | Bought a scroll of identify for 56 gold pieces
  4327 | D:5      | Noticed Edmund
  4355 | D:5      | Killed Edmund
  4734 | D:5      | Reached skill level 5 in Short Blades
  5035 | D:5      | Reached * piety under Ashenzari
  5057 | D:5      | Found a runed translucent door.
  5058 | D:5      | Noticed Crazy Yiuf
  5191 | D:5      | Paralysed by Crazy Yiuf for 3 turns
  5203 | D:5      | Killed Crazy Yiuf
  5466 | D:6      | Reached skill level 5 in Armour
  5496 | D:6      | Identified the cursed +1 ring mail of Ponys {Str+4}
  5598 | D:6      | Found a sand-covered staircase.
  5603 | Ossuary  | Entered an ossuary
  5634 | Ossuary  | Reached skill level 5 in Stealth
  6064 | D:6      | Reached XP level 9. HP: 69/69 MP: 11/11
  7472 | D:7      | Identified the +1 robe of Piyth {+Fly Str+2}
  7956 | D:7      | Reached ** piety under Ashenzari
  7998 | D:7      | Reached skill level 5 in Fighting
  8503 | D:8      | Noticed an elephant
  8505 | D:8      | Found a staircase to the Lair.
  8533 | D:8      | Noticed Pikel
  8783 | D:8      | Killed Pikel
  8783 | D:8      | Reached skill level 5 in Dodging
  8783 | D:8      | Reached XP level 10. HP: 67/80 MP: 11/13
  9554 | D:8      | Killed an elephant
  9892 | D:9      | Noticed a cyclops
  9895 | D:9      | Killed a cyclops
  9920 | D:9      | Noticed a two-headed ogre
  9951 | D:9      | Killed a two-headed ogre
 10019 | D:9      | Noticed a two-headed ogre
 10028 | D:9      | Killed a two-headed ogre
 10172 | D:9      | Noticed a centaur warrior
 10307 | D:9      | Reached XP level 11. HP: 69/89 MP: 15/15
 10332 | D:9      | Killed a centaur warrior
 11236 | D:10     | Entered Level 10 of the Dungeon
 11750 | D:10     | Identified the ring of Jelezaze {rPois rN+ AC+3}
 11898 | D:10     | Found a staircase to the Orcish Mines.
 12044 | D:10     | Reached skill level 5 in Hexes
 12607 | D:11     | HP: 2/89 [yak (7)]
 12611 | D:11     | Slain by a yak

Skill      XL: |  1  2  3  4  5  6  7  8  9 10 11 |
---------------+----------------------------------+-----
Short Blades   | 1 2 3 4 5 6 7 8 |  8.8
Dodging        | 2 3 4 5 6 |  6.5
Armour         | 1 2 3 4 5 6 7 |  7.6
Stealth        | 4 5 6 7 8 |  8.4
Spellcasting   | 2 3 4 |  4.5
Fighting       | 1 2 4 5 6 |  6.0
Hexes          | 3 4 5 |  5.2

Action                   |  1- 3 |  4- 6 |  7- 9 | 10-12 || total
-------------------------+-------+-------+-------+-------++-------
Melee: Dagger            |    91 |    80 |   524 |   372 ||  1067
 Cast: Confuse           |       |       |       |     2 ||     2
Invok: Curse Item        |       |       |     1 |       ||     1
Evoke: Wand              |       |       |       |     5 ||     5
  Use: Scroll            |     2 |     6 |    14 |     6 ||    28
       Potion            |       |     4 |     6 |     4 ||    14
 Stab: Sleeping          |     1 |     1 |    12 |    13 ||    27
       Paralysed         |       |       |       |     2 ||     2
       Distracted        |       |       |       |     1 ||     1
       Confused          |       |       |       |     2 ||     2
  Eat: Chunk             |     3 |     2 |    30 |    21 ||    56
Armor: Ring mail         |    39 |    22 |   161 |    77 ||   299
Dodge: Dodged            |    43 |    44 |   231 |   179 ||   497
